 Dungeon Crawl Stone Soup version 0.26-a0-667-g92642533e4 (webtiles) character file.

Game seed: 1619541590017146133

160920 miscthings the Unseen (level 18, -5/117 HPs)
             Began as a Kobold Berserker on Oct 17, 2020.
             Was a High Priest of Trog.
             Slain by a hell knight
             ... wielding a +4 demon blade
              (12 damage)
             ... on level 1 of the Depths.
             The game lasted 01:13:34 (28417 turns).

miscthings the Unseen (Kobold Berserker)           Turns: 28417, Time: 01:13:35

Health: -5/117     AC: 26    Str: 17    XL:     18   Next: 40%
Magic:  18/18      EV: 24    Int: 15    God:    Trog [*****.]
Gold:   2689       SH: 10    Dex: 19    Spells: 17/17 levels left

rFire    + . .     SeeInvis +   L - +9 quick blade (drain)
rCold    + + .     Faith    .   Y - +3 buckler {rC+}
rNeg     . . .     Spirit   .   g - +7 Kryia's mail coat {PotionHeal*2 rC+}
rPois    +         Reflect  .   F - +2 helmet
rElec    .         Harm     .   t - scarf {+Inv}
rCorr    +         Rampage  +   I - +2 pair of gloves {Str+3}
MR       ++...                  Q - +2 pair of boots {rampage}
Stlth    ++++++++..             N - amulet "Ifredon" {+Fly MR+ Regen+}
HPRegen  0.69/turn              y - ring of poison resistance
MPRegen  0.16/turn              O - ring "Nodolaps" {rF+ rCorr Dex+3 SInv Stlth+}

@: about to teleport, berserk cooldown, slowed, studying Armour, very slow
A: small, nightstalker 3
a: Berserk, Trog's Hand, Brothers in Arms, Renounce Religion, Evoke
Invisibility, Evoke Flight


You were on level 1 of the Depths.
You worshipped Trog.
Trog was extremely pleased with you.
You visited 6 branches of the dungeon, and saw 26 of its levels.
You also visited: Ice Cave.

You collected 3700 gold pieces.
You spent 1011 gold pieces at shops.

Inventory:

Hand Weapons
 w - a cursed -2 arbalest
 L - a +9 quick blade of draining (weapon)
Missiles
 k - 12 curare-tipped darts (quivered)
 l - a throwing net
 u - 185 bolts
Armour
 g - the +7 Kryia's mail coat (worn) {PotionHeal*2 rC+}
   (You acquired it on level 6 of the Lair of Beasts)

   It protects you from cold.
 t - a scarf of invisibility (worn)
 F - a +2 helmet (worn)
 I - a +2 pair of gloves of strength (worn)
 P - a +2 robe of resistance
 Q - a +2 pair of boots of rampaging (worn)
 Y - a +3 buckler of cold resistance (worn)
Jewellery
 y - a ring of poison resistance (left hand)
 N - the amulet "Ifredon" (around neck) {+Fly MR+ Regen+}
   (You bought it in a shop on level 2 of the Orcish Mines)

   [amulet of regeneration]

   It affects your resistance to hostile enchantments.
   It lets you fly.
   It increases your rate of regeneration.
 O - the ring "Nodolaps" (right hand) {rF+ rCorr Dex+3 SInv Stlth+}
   (You took it off a frost giant on level 1 of the Depths)

   [ring of resist corrosion]

   It affects your dexterity (+3).
   It protects you from fire.
   It lets you see invisible.
   It provides partial protection from all sources of acid and corrosion.
   It makes you more stealthy.
Wands
 q - a wand of paralysis (16)
 r - a wand of digging (6)
 s - a wand of disintegration (38)
 E - a wand of flame (26)
 R - a wand of iceblast (19)
 T - a wand of enslavement (3)
Scrolls
 a - 3 scrolls of fog
 b - a scroll of immolation
 c - 4 scrolls of blinking
 e - 4 scrolls of teleportation
 f - 10 scrolls of remove curse
 B - 4 scrolls of magic mapping
 C - 3 scrolls of fear
 G - 2 scrolls of silence
 S - 2 scrolls of vulnerability
 U - a scroll of summoning
 X - a scroll of holy word
Potions
 d - 5 potions of lignification
 h - 10 potions of stabbing
 j - 5 potions of flight
 m - 3 potions of cancellation
 n - 9 potions of curing
 o - 3 potions of heal wounds
 v - 4 potions of haste
 x - 4 potions of might
 D - 3 potions of resistance
 H - 5 potions of brilliance
 J - a potion of magic
 M - a potion of mutation
 W - a potion of invisibility
 Z - 13 potions of ambrosia
Books
 z - a manual of Armour
Miscellaneous
 p - a lightning rod (inert)
 K - a phial of floods
 V - a box of beasts (inert)


   Skills:
 + Level 14.7 Fighting
 - Level 10.1 Short Blades
 - Level 12.0 Crossbows
 - Level 6.0 Throwing
 + Level 10.6 Armour
 + Level 15.6 Dodging
 + Level 17.8 Stealth
 - Level 5.6 Shields
 - Level 15.0 Evocations


You had 17 spell levels left.
You didn't know any spells.
Your spell library contained the following spells:

 Spells                   Type           Power        Failure   Level
 Animate Skeleton         Necr           #.....       56%         1
 Apportation              Tloc           #.....       56%         1
 Corona                   Hex            #......      56%         1
 Freeze                   Ice            #...         56%         1
 Magic Dart               Conj           #...         56%         1
 Sandblast                Erth           #.....       56%         1
 Shock                    Conj/Air       #...         56%         1
 Sting                    Tmut/Pois      #...         56%         1
 Summon Small Mammal      Summ           #...         56%         1
 Blink                    Tloc           N/A          71%         2
 Call Imp                 Summ           #.......     71%         2
 Passwall                 Tmut/Erth      #.......     71%         2
 Poisonous Vapours        Pois/Air       #.....       71%         2
 Slow                     Hex            #.......     71%         2
 Swiftness                Air            #.......     71%         2
 Conjure Flame            Conj/Fire      #.......     91%         3
 Frozen Ramparts          Ice            #.....       91%         3
 Ignite Poison            Fire/Tmut/Pois #.......     91%         3
 Mephitic Cloud           Conj/Pois/Air  #.......     91%         3
 Ozocubu's Armour         Ice            #.......     91%         3
 Static Discharge         Conj/Air       #.......     91%         3
 Stone Arrow              Conj/Erth      #.....       91%         3
 Airstrike                Air            #.........   100%        4
 Hailstorm                Conj/Ice       #.......     100%        4
 Olgreb's Toxic Radiance  Pois           #.......     100%        4
 Petrify                  Tmut/Erth      #.......     100%        4
 Summon Ice Beast         Ice/Summ       #.......     100%        4
 Bolt of Magma            Conj/Fire/Erth #.........   100%        5
 Iskenderun's Battlesphe  Conj           #.......     100%        5
 Lee's Rapid Deconstruct  Erth           #.........   100%        5
 Lightning Bolt           Conj/Air       #.........   100%        5
 Freezing Cloud           Conj/Ice/Air   #.........   100%        6
 Iron Shot                Conj/Erth      #.........   100%        6
 Orb of Destruction       Conj           #.........   100%        7
 Spellforged Servitor     Conj/Summ      #.........   100%        7


Dungeon Overview and Level Annotations

Branches:
Dungeon (15/15)            Temple (1/1) D:6            Lair (6/6) D:10
 Shoals (0/4) Lair:2        Snake (1/4) Lair:3        Slime (0/5) Lair:6
    Orc (2/2) D:12            Elf (0/3) Orc:2        Vaults (0/5) D:13
 Depths (1/5) D:15          IceCv (visited)

Altars:
Ashenzari
Cheibriados
Dithmenos
Elyvilon
Fedhas
Gozag
Hepliaklqana
Kikubaaqudgha
Makhleb
Nemelex Xobeh
Okawaru
Qazlal
Ru
Sif Muna
Trog
Uskayaw
Vehumet
Wu Jian
Xom
Yredelemnul
Zin
The Shining One
Beogh
Jiyva

Shops:
D:7 (   D:12 ?   Orc:2 [*([

Portals:
Hell: Depths:1
Pandemonium: Depths:1

Annotations:
D:8 exclusion: ice statue
Depths:1 the Enchantress


Innate Abilities, Weirdness & Mutations

You are small and have problems with some larger weapons.
You are completely attuned to the shadows.


Message History

You feel strangely unstable.
The spriggan defender is no longer covered in acid.
The spriggan defender hits you with a +0 rapier of electrocution!!
You are electrocuted!
The spriggan air mage waves its arms in wide circles.
The air twists around and strikes you. You block the hell knight's attack.
The spriggan defender barely misses you.
You block the hell knight's attack.
A hell knight comes into view. It is wielding a +3 broad axe.
The hell knight completely misses you.
The hell knight hits you with a +4 demon blade!
* * * LOW HITPOINT WARNING * * *
You block the spriggan defender's attack.
The spriggan air mage waves its arms in wide circles.
The air twists around and strikes you!
* * * LOW HITPOINT WARNING * * *
The hell knight points at you and mumbles some strange words.
You resist with almost no effort.
The hell knight hits you with a +4 demon blade!
You die...

########### ..........#
..........# ######
.....p....######i)..###
.........ppi.i.(.)H.....
#.........@######.i...#
#..........# #..)..#
#######..........#
#.....#
.............[....
#.....#
((()..............
.........
........≈≈≈≈≈.≈≈
≈≈≈≈.≈≈≈≈
.)......≈###≈.≈#
........≈# #≈.≈#
........≈###≈.≈###


You could see a spriggan defender, 3 hell knights and a spriggan air mage
(repels missiles).

Vanquished Creatures
  3 liches (Depths:1)
  An orc warlord (Orc:2)
  2 frost giants (Depths:1)
  A spriggan defender (Depths:1)
  2 very ugly things (Depths:1)
  A stone giant (Orc:2)
  A vampire knight (D:15)
  A lorocyproca (Depths:1)
  2 ettins
  Erolcha (D:13)
  A yaktaur captain (Depths:1)
  A fire dragon (D:15)
  4 ice dragons
  3 vault guards (D:13)
  8 hydras
  A rakshasa (Depths:1)
  3 boulder beetles
  5 catoblepae
  A spriggan air mage (Depths:1)
  2 ogre magi (Depths:1)
  13 two-headed ogres
  3 centaur warriors
  A dancing weapon (Depths:1)
  11 death yaks (Lair:6)
  4 orc high priests (Orc:2)
  A shock serpent (Snake:1)
  A sixfirhy (Depths:1)
  3 unseen horrors
  2 lindwurms (Lair:6)
  3 orc knights (Orc:2)
  A wizard (D:14)
  A harpy (shapeshifter) (D:14)
  2 phantasmal warriors
  A mana viper (Snake:1)
  2 deep elf magi (D:15)
  A wolf spider zombie (D:15)
  5 manticores
  13 ugly things
  5 orc sorcerers (Orc:2)
  5 cyclopes
  7 oklob plants (Lair:4)
  A salamander (shapeshifter) (D:14)
  A moth of wrath (D:13)
  20 elephants
  9 black mambas
  2 gargoyles
  5 spectral swamp worms (Depths:1)
  10 cane toads
  2 smoke demons (Depths:1)
  2 ice statues (IceCv)
  9 rime drakes
  10 komodo dragons
  A freezing wraith (D:15)
  An efreet (D:15)
  3 yaktaurs (Depths:1)
  A rime drake (shapeshifter) (D:15)
  7 ice devils (IceCv)
  4 tengu conjurers
  A queen bee (Lair:2)
  A hornet (D:8)
  2 tyrant leeches (D:13)
  4 polar bears
  A meliai (shapeshifter) (Depths:1)
  5 trolls
  Grinder (D:4)
  15 blink frogs
  A dream sheep (D:5)
  7 slime creatures
  A meliai zombie (D:14)
  A shadow (D:14)
  Sigmund (D:5)
  76 yaks
  6 wraiths
  A vampire (D:15)
  Eustachio (D:5)
  20 wyverns
  4 humans (D:13)
  2 water elementals (Depths:1)
  7 basilisks
  6 vampire mosquitoes
  A chaos spawn (Depths:1)
  A neqoxec (Depths:1)
  A warg (Orc:2)
  2 swamp worms (D:13)
  A soldier ant (shapeshifter) (Depths:1)
  A soldier ant (D:11)
  2 nagas (Snake:1)
  A hell hound (Lair:5)
  31 orc warriors
  22 water moccasins
  2 ice beasts
  3 black bears
  A swamp drake (D:10)
  2 sky beasts
  An eye of draining (D:12)
  2 phantoms
  3 necrophages
  26 wolves
  26 ogres
  18 centaurs
  An elf zombie (D:9)
  5 big kobolds
  27 bullfrogs
  5 gnoll sergeants (D:12)
  5 scorpions
  36 killer bees
  A troll zombie (D:9)
  An electric eel (D:10)
  6 howler monkeys
  20 wights
  2 crimson imps
  8 centaur zombies
  A quasit (Depths:1)
  3 human zombies (D:9)
  A bullfrog zombie (D:12)
  8 hounds
  3 jellies
  2 centaur skeletons
  26 orc priests
  4 bullfrog skeletons
  An iron imp (Depths:1)
  A human skeleton (D:9)
  Terence (D:3)
  Natasha (thrice) (D:2)
  3 iguanas
  20 orc wizards
  4 hell rats (Lair:5)
  14 worker ants
  A killer bee zombie (D:7)
  A hound zombie (D:7)
  A hound skeleton (D:4)
  2 mummies (D:9)
  17 adders
  13 gnolls
  4 shadow imps
  15 white imps
  9 ufetubi
  An adder zombie (D:7)
  3 adder skeletons
  4 dart slugs
  2 leopard geckos
  101 orcs
  6 bats
  3 giant cockroaches
  9 goblins
  7 hobgoblins
  13 jackals
  4 quokkas
  3 ball pythons
  7 frilled lizards
  14 kobolds
  2 leopard gecko skeletons
  A quokka zombie (D:9)
  24 rats
  A bush (Lair:4)
  A plant (Lair:4)
1009 creatures vanquished.

Vanquished Creatures (collateral kills)
  The ghost of Orurynibown the Fencer, a veteran BaIE of Cheibriados (Depths:1)
  Jorgrun (Orc:1)
  A spriggan defender (Depths:1)
  An ettin (Depths:1)
  2 vault guards (D:13)
  A tengu warrior (Depths:1)
  The ghost of Misha the Spear-Bearer, a novice MfGl of Qazlal (D:8)
  2 orc sorcerers
  An ugly thing (D:12)
  A troll (Orc:2)
  2 spriggans (Depths:1)
  3 humans (D:13)
  A warg (Orc:1)
  2 orc warriors (Orc:2)
  An ogre (D:8)
  2 centaurs (D:12)
  A killer bee (D:12)
  4 orc priests (Orc:2)
  An orc wizard (Orc:2)
  5 orcs
34 creatures vanquished.

Vanquished Creatures (others)
  A reaper (IceCv)
  4 dream sheep (D:5)
  2 white imps (IceCv)
  4 ufetubi (IceCv)
  An orc (D:12)
  A quokka (D:10)
  31 fungi
  61 plants
105 creatures vanquished.

Grand Total: 1148 creatures vanquished

Notes
Turn   | Place    | Note
-------+----------+-------------------------------------------
     0 | D:1      | miscthings the Kobold Berserker began the quest for the
                  | Orb.
     0 | D:1      | Reached XP level 1. HP: 14/14 MP: 1/1
   325 | D:1      | Reached XP level 2. HP: 19/19 MP: 2/2
   688 | D:1      | Reached skill level 5 in Short Blades
  1109 | D:2      | Reached XP level 3. HP: 8/23 MP: 3/3
  1278 | D:2      | Found a radiant altar of Vehumet.
  1487 | D:2      | Reached ** piety under Trog
  1487 | D:2      | Reached XP level 4. HP: 24/28 MP: 4/4
  1547 | D:2      | Found a blossoming altar of Fedhas.
  1550 | D:2      | Noticed Natasha
  1559 | D:2      | Killed Natasha
  1559 | D:2      | Reached XP level 5. HP: 32/32 MP: 5/5
  1609 | D:2      | Noticed Natasha
  1624 | D:2      | Killed Natasha
  1686 | D:2      | Noticed Natasha
  1739 | D:2      | Killed Natasha
  2148 | D:2      | Found a stormy altar of Qazlal.
  2183 | D:3      | Reached XP level 6. HP: 37/37 MP: 6/6
  2208 | D:3      | Noticed Terence
  2212 | D:3      | Killed Terence
  2680 | D:3      | You fall into a shaft and drop 3 floors!
  2681 | D:6      | Noticed a sky beast
  2699 | D:6      | Killed a sky beast
  2702 | D:6      | Reached XP level 7. HP: 40/41 MP: 7/7
  2805 | D:6      | Reached skill level 10 in Short Blades
  2942 | D:6      | Found a staircase to the Ecumenical Temple.
  2948 | Temple   | Entered the Ecumenical Temple
  3280 | D:5      | Entered Level 5 of the Dungeon
  3309 | D:5      | Found an ancient bone altar of Kikubaaqudgha.
  3330 | D:5      | Noticed Eustachio
  3345 | D:5      | Noticed Sigmund
  3347 | D:5      | Killed Eustachio
  3347 | D:5      | Reached skill level 2 in Stealth
  3347 | D:5      | Reached skill level 1 in Evocations
  3349 | D:5      | Reached *** piety under Trog
  3361 | D:5      | Killed Sigmund
  3361 | D:5      | Reached skill level 3 in Stealth
  3361 | D:5      | Reached XP level 8. HP: 35/48 MP: 8/8
  3397 | D:4      | Noticed Grinder
  3401 | D:4      | Killed Grinder
  3481 | D:4      | Reached skill level 4 in Stealth
  3519 | D:3      | Found a faded altar of an unknown god.
  4735 | D:4      | Reached skill level 5 in Fighting
  4900 | D:4      | Found a stormy altar of Qazlal.
  5015 | D:4      | Reached skill level 5 in Dodging
  5232 | D:5      | Noticed a dream sheep
  5232 | D:5      | Noticed a dream sheep
  5232 | D:5      | Noticed a dream sheep
  5232 | D:5      | Noticed a dream sheep
  5232 | D:5      | Noticed a dream sheep
  5232 | D:5      | Found a shimmering altar of Xom.
  5235 | D:5      | Killed a dream sheep
  5235 | D:5      | Killed a dream sheep
  5235 | D:5      | Killed a dream sheep
  5235 | D:5      | Killed a dream sheep
  5235 | D:5      | Reached skill level 5 in Stealth
  5235 | D:5      | Reached XP level 9. HP: 54/54 MP: 9/9
  5402 | D:5      | Reached **** piety under Trog
  5718 | D:5      | Found a hide-covered altar of Uskayaw.
  5720 | D:5      | Found a white marble altar of Elyvilon.
  5878 | D:5      | Found a broken altar of Ashenzari.
  5886 | D:5      | Found a shadowy altar of Dithmenos.
  6465 | D:6      | Reached skill level 5 in Evocations
  6822 | D:6      | Reached skill level 6 in Stealth
  6869 | D:7      | Found Cucocwef's Weapon Shop.
  7391 | D:7      | Reached skill level 7 in Stealth
  7899 | D:8      | Reached XP level 10. HP: 56/61 MP: 10/10
  7941 | D:8      | Found a glowing silver altar of Zin.
  7946 | D:8      | Noticed a four-headed hydra
  7953 | D:8      | Killed a four-headed hydra
  7953 | D:8      | Reached skill level 8 in Stealth
  7989 | D:8      | Noticed a two-headed ogre
  7994 | D:8      | Killed a two-headed ogre
  7994 | D:8      | Reached skill level 9 in Stealth
  8093 | D:8      | Found a transporter.
  8098 | D:8      | Noticed Misha's ghost (novice MfGl)
  8099 | D:8      | Found a transporter.
  8201 | D:8      | Noticed an ice statue
  8339 | D:8      | Reached ***** piety under Trog
  9164 | D:9      | Found an ancient bone altar of Kikubaaqudgha.
  9212 | D:9      | Reached XP level 11. HP: 69/69 MP: 11/11
  9234 | D:9      | Reached skill level 10 in Stealth
 10099 | D:9      | Found the +9 sword of Zonguldrok {reap}
 10268 | D:10     | Entered Level 10 of the Dungeon
 10273 | D:10     | Received a gift from Trog
 10473 | D:10     | Reached skill level 11 in Stealth
 10539 | D:10     | Killed an unseen horror
 10675 | D:10     | Noticed a two-headed ogre
 10684 | D:10     | Killed a two-headed ogre
 11097 | D:10     | Reached skill level 10 in Dodging
 11225 | D:10     | Reached XP level 12. HP: 53/76 MP: 12/12
 11352 | D:10     | Found a staircase to the Lair.
 11518 | D:11     | Reached skill level 10 in Evocations
 11817 | D:11     | Noticed a five-headed hydra
 11823 | D:11     | Killed a five-headed hydra
 11823 | D:11     | Reached skill level 10 in Fighting
 11993 | D:11     | Reached skill level 12 in Stealth
 12085 | D:11     | Found a snail-covered altar of Cheibriados.
 12624 | D:7      | Bought a cursed -2 arbalest for 1 gold piece
 12771 | D:8      | Killed Misha's ghost
 12771 | D:8      | Reached skill level 1 in Crossbows
 12911 | D:12     | Noticed a two-headed ogre
 12917 | D:12     | Killed a two-headed ogre
 13488 | D:12     | Noticed a two-headed ogre
 13493 | D:12     | Killed a two-headed ogre
 13560 | D:12     | Found Aduduap's Magic Scroll Shop.
 13565 | D:12     | Bought a scroll of blinking for 90 gold pieces
 13565 | D:12     | Bought a scroll of vulnerability for 90 gold pieces
 13565 | D:12     | Bought a scroll of teleportation for 36 gold pieces
 13600 | D:12     | Found a staircase to the Orcish Mines.
 13603 | D:12     | Reached ****** piety under Trog
 13604 | D:12     | Reached skill level 13 in Stealth
 13677 | D:12     | You fall into a shaft and drop 3 floors!
 13677 | D:15     | Entered Level 15 of the Dungeon
 13681 | D:15     | Received a gift from Trog
 13681 | D:15     | Reached XP level 13. HP: 83/83 MP: 13/13
 14202 | D:13     | Reached skill level 5 in Crossbows
 14203 | D:13     | Found a frozen archway.
 14222 | D:13     | Noticed an ice dragon
 14244 | D:13     | Killed an ice dragon
 14315 | IceCv    | Entered an ice cave
 14450 | IceCv    | Killed a reaper
 15160 | D:13     | Reached skill level 1 in Throwing
 15168 | D:13     | Reached skill level 1 in Shields
 15257 | D:13     | Noticed a centaur warrior
 15268 | D:13     | Reached skill level 14 in Stealth
 15286 | D:13     | Killed a centaur warrior
 15519 | D:13     | Noticed a vault guard
 15526 | D:13     | Noticed a vault guard
 15548 | D:13     | Killed a vault guard
 15562 | D:13     | Killed a vault guard
 15565 | D:13     | Noticed a vault guard
 15566 | D:13     | Noticed a vault guard
 15566 | D:13     | Noticed a vault guard
 15577 | D:13     | Killed a vault guard
 15579 | D:13     | Killed a vault guard
 15579 | D:13     | Reached XP level 14. HP: 77/90 MP: 14/14
 15580 | D:13     | Received a gift from Trog
 15616 | D:13     | Found a gate to the Vaults.
 15660 | D:13     | Noticed Erolcha
 15664 | D:13     | Killed Erolcha
 16448 | Orc:1    | Entered Level 1 of the Orcish Mines
 16474 | Orc:1    | Noticed Jorgrun
 16483 | Orc:1    | Killed Jorgrun
 16889 | Orc:2    | Entered Level 2 of the Orcish Mines
 16933 | Orc:2    | Received a gift from Trog
 17278 | Orc:1    | You fall into a shaft and drop 1 floor!
 17278 | Orc:2    | Found Gutoamol's Antique Weapon Shop.
 17312 | Orc:2    | Bought a fine dagger for 238 gold pieces
 17312 | Orc:2    | Identified the +10 dagger of Ipnishro {speed, rF+ Str-4
                  | Int+4} (You bought it in a shop on level 2 of the Orcish
                  | Mines)
 17350 | Orc:2    | Found Haorghi Desah's Antique Armour Boutique.
 17405 | Orc:2    | Found a roughly hewn altar of Beogh.
 17552 | Orc:2    | Received a gift from Trog
 17631 | Orc:2    | Got a sapphire-encrusted scale mail
 17642 | Orc:2    | Identified the +0 scale mail "Heel Vaquyla" {rPois Str-3
                  | Dex+4} (You found it on level 2 of the Orcish Mines)
 17922 | Orc:2    | Noticed a stone giant
 17944 | Orc:2    | Killed a stone giant
 18173 | Orc:2    | Found a staircase to the Elven Halls.
 18463 | Orc:2    | Noticed an orc warlord
 18517 | Orc:2    | Found a roughly hewn altar of Beogh.
 18522 | Orc:2    | Killed an orc warlord
 18554 | Orc:2    | Found Gekutosh's Assorted Antiques.
 18586 | Orc:2    | Bought a scroll labeled MUPLAUVO YNKAMAS for 34 gold pieces
 18586 | Orc:2    | Bought a vibrating emerald amulet for 170 gold pieces
 18586 | Orc:2    | Bought a scroll labeled MOGUJU WUEGOGYRO for 34 gold pieces
 18588 | Orc:2    | Identified 2 scrolls of acquirement
 18588 | Orc:2    | Acquired a +1 pair of boots of rampaging
 18602 | Orc:2    | Identified the amulet "Ifredon" {+Fly MR+ Regen+} (You
                  | bought it in a shop on level 2 of the Orcish Mines)
 18610 | Orc:2    | Acquired a manual of Armour
 18637 | Orc:2    | Found Neqeylen's Antique Armour Boutique.
 18687 | Orc:2    | Bought a scorched chain mail for 199 gold pieces
 18698 | Orc:2    | Identified the +6 chain mail of Ykluxtop {-Tele rF+++ rCorr
                  | Dex-4} (You bought it in a shop on level 2 of the Orcish
                  | Mines)
 18700 | Orc:2    | Bought a silken robe for 119 gold pieces
 18715 | Orc:2    | Identified the +1 robe of the Mind {-Tele Harm rPois Dex+3}
                  | (You bought it in a shop on level 2 of the Orcish Mines)
 19074 | Lair:1   | Entered Level 1 of the Lair of Beasts
 19202 | Lair:1   | Reached XP level 15. HP: 96/96 MP: 15/15
 19349 | Lair:1   | Received a gift from Trog
 19803 | Lair:2   | Acquired 828 gold pieces
 19887 | Lair:2   | Reached skill level 5 in Shields
 20143 | Lair:2   | Reached skill level 15 in Stealth
 20222 | Lair:2   | Reached skill level 5 in Throwing
 20246 | Lair:2   | Found a staircase to the Shoals.
 20882 | Lair:3   | Reached skill level 5 in Armour
 21030 | Lair:3   | Received a gift from Trog
 21247 | Lair:3   | Found a staircase to the Snake Pit.
 22561 | Lair:4   | Reached XP level 16. HP: 103/103 MP: 16/16
 23701 | Lair:6   | Entered Level 6 of the Lair of Beasts
 23805 | Lair:6   | Reached skill level 16 in Stealth
 23983 | Lair:6   | Received a gift from Trog
 24128 | Lair:6   | Reached skill level 10 in Crossbows
 24263 | Lair:6   | Got an ancient dagger
 24266 | Lair:6   | Identified the cursed +0 dagger "Hydrabane" {vorpal, +Blink
                  | rF+ Int-5} (You found it on level 6 of the Lair of Beasts)
 24317 | Lair:6   | Acquired the +7 Kryia's mail coat {PotionHeal*2 rC+}
 24318 | Lair:6   | Found the +7 Kryia's mail coat {PotionHeal*2 rC+}
 24490 | Lair:6   | Reached XP level 17. HP: 107/110 MP: 15/17
 24617 | Lair:6   | Found a viscous altar of Jiyva.
 24618 | Lair:6   | Found a staircase to the Slime Pits.
 25174 | Snake:1  | Entered Level 1 of the Snake Pit
 25996 | D:14     | Found a blossoming altar of Fedhas.
 26450 | D:15     | Found a staircase to the Depths.
 26561 | D:15     | Received a gift from Trog
 26580 | D:15     | Got a transparent rapier {god gift}
 26582 | D:15     | Identified the +3 rapier of Sikhi {vorpal, rElec rPois}
                  | (Trog gifted it to you on level 15 of the Dungeon)
 27088 | Depths:1 | Entered Level 1 of the Depths
 27089 | Depths:1 | Reached skill level 17 in Stealth
 27114 | Depths:1 | Reached skill level 15 in Dodging
 27399 | Depths:1 | Noticed a lich
 27421 | Depths:1 | Killed a lich
 27625 | Depths:1 | Received a gift from Trog
 27668 | Depths:1 | Noticed a lich
 27675 | Depths:1 | Reached skill level 10 in Armour
 27698 | Depths:1 | Killed a lich
 27698 | Depths:1 | Reached skill level 15 in Evocations
 27698 | Depths:1 | Reached XP level 18. HP: 117/117 MP: 18/18
 27807 | Depths:1 | Identified the +4 demon trident of Termination {vamp, rF-
                  | Dex+5} (You found it on level 1 of the Depths)
 27892 | Depths:1 | Found a one-way gate leading to the halls of Pandemonium.
 27997 | Depths:1 | Found a gateway to Hell.
 28044 | Depths:1 | Found a runed translucent door.
 28045 | Depths:1 | Found a shimmering altar of Xom.
 28045 | Depths:1 | Noticed Orurynibown's ghost (veteran BaIE)
 28046 | Depths:1 | Identified the +5 quarterstaff "Impslayer" {chaos, rElec
                  | rPois MP-9}
 28080 | Depths:1 | Killed Orurynibown's ghost
 28100 | Depths:1 | Identified the cursed +1 scimitar "Vysasynk" {protect, MR+
                  | Str+4} (You found it on level 1 of the Depths)
 28124 | Depths:1 | Noticed a lich
 28152 | Depths:1 | Killed a lich
 28278 | Depths:1 | Identified the ring "Nodolaps" {rF+ rCorr Dex+3 SInv
                  | Stlth+}
 28381 | Depths:1 | Noticed the Enchantress
 28417 | Depths:1 | Slain by a hell knight

Illustrated notes

Levels and vault maps discovered:
D:1:      enne_arrival_octagon_isle, layout_loops_corners, skrybe_limestone_x
D:2:      layout_loops_ring, old_standard_altar, fedhas_altar_1,
          nicolae_qazlal_general_emergency, uniq_natasha
D:3:      layout_basic, chequers_ecumenical_altar_grove, minmay_rat_hole,
          uniq_terence
D:4:      minmay_door_path, layout_basic, kennysheep_little_box, uniq_grinder
D:5:      layout_loops_corners, kb_xom_exploding_sheep,
          cheibrodos_ashenzari_chains, grunt_temple_overflow_open,
          lemuel_doored_altar, uniq_sigmund, uniq_eustachio
D:6:      layout_cave_pools, minmay_temple_entry_sparse_star
D:7:      layout_rooms, serial_shops,
          nicolae_shop_temple_entry_statues_fountains
D:8:      lemuel_ice_statue, layout_gridville, zin_statuary,
          gammafunk_ghost_smash, minmay_fire_ice_demons
D:9:      minmay_the_grid_four_pointed_star
          [minmay_the_grid_triangle_9x9_thin_v,
          minmay_the_grid_triangle_9x9_flanged_cone,
          minmay_the_grid_triangle_9x9_corruption,
          minmay_the_grid_triangle_9x9_wacky_v,
          minmay_the_grid_prize_trominoes], layout_gridville,
          lemuel_mausoleum_altar_kikubaaqudgha
D:10:     layout_loops_ring, erik_lair_dragon, kennysheep_doodads,
          serial_bayou_lagoon_a
D:11:     layout_cross, cheibriados_altar_1
D:12:     layout_small_grid, kennysheep_orc_monster_closet_entryway,
          serial_shops, nicolae_shop_statue_plus
D:13:     layout_loops_ring, ximxim_vaults_locker_room,
          portal_ice_cave_entry_animals_and_master, worms_lemuel, uniq_erolcha
D:14:     layout_rooms, basic_altar, grunt_decor_one_mirror
D:15:     grunt_enter_depths_hoard, layout_cave_pods
Temple:   minmay_temple_bridge_abc
Lair:1:   layout_roguey
Lair:2:   layout_misc_corridors, minmay_shoals_entry_centaurs, special_room
          [special_room_bee], minmay_lindwurm_lava
Lair:3:   layout_regular_city, minmay_snake_entry_six_corridors
Lair:4:   layout_concentric_octagons, dpeg_oklob_1
Lair:5:   layout_roguey [special_room_mythical_zoo]
Lair:6:   evilmike_catoblepas_cave, layout_regular_city, slime_altar_1
Snake:1:  layout_basic, abandoned_shop, grunt_ministairs_13,
          serial_bayou_shore_b
Orc:1:    layout_caves, guppyfry_library_mini, uniq_jorgrun
Orc:2:    pubby_orc_utopia, serial_shops
Depths:1: layout_basic, pf_hell_entry_tar_river, kennysheep_boxes,
          ebering_ghost_xom, grunt_pan_entry_in_and_out,
          kennysheep_inner_square, uniq_enchantress

Skill      XL: |  1  2  3  4  5  6  7  8  9 10 11 12 13 14 15 16 17 18 |
---------------+-------------------------------------------------------+-----
Short Blades   | 5 6 7 8 9 10 | 10.1
Dodging        | 3 5 6 8 10 11 12 13 14 15 | 15.6
Stealth        | 3 5 7 9 11 13 14 15 16 17 | 17.8
Evocations     | 2 4 6 8 9 11 12 13 14 15 | 15.0
Fighting       | 4 5 6 8 9 10 11 12 13 14 | 14.7
Crossbows      | 3 6 7 9 10 11 12 | 12.0
Throwing       | 2 4 6 |  6.0
Shields        | 2 4 5 |  5.6
Armour         | 2 3 6 8 10 | 10.6

Action                   |  1- 3 |  4- 6 |  7- 9 | 10-12 | 13-15 | 16-18 || total
-------------------------+-------+-------+-------+-------+-------+-------++-------
Melee: Short sword       |    25 |       |       |       |       |       ||    25
       Dagger            |    69 |   156 |   623 |   590 |   286 |       ||  1724
       Double sword      |       |       |       |    11 |       |       ||    11
       Quick blade       |       |       |       |       |  1063 |  1202 ||  2265
Throw: Dart              |       |     6 |     4 |       |       |       ||    10
Invok: Berserk           |     2 |     6 |    18 |    20 |    19 |    17 ||    82
       Brothers in Arms  |       |       |       |       |     3 |     3 ||     6
       Trog's Hand       |       |       |       |       |     1 |       ||     1
 Abil: Evoke Invisibilit |       |       |     3 |    10 |    11 |    10 ||    34
Evoke: Wand              |       |       |     5 |     9 |    17 |     4 ||    35
       Lightning rod     |       |       |       |     7 |     2 |     4 ||    13
       Box of beasts     |       |       |       |     3 |     4 |     4 ||    11
  Use: Scroll            |       |     7 |     5 |     8 |    21 |    12 ||    53
       Potion            |       |       |       |       |     2 |     7 ||     9
 Stab: Sleeping          |     5 |    10 |    22 |    59 |    80 |    52 ||   228
       Paralysed         |       |       |     1 |     1 |       |     1 ||     3
       Invisible         |       |       |    10 |    27 |    44 |   102 ||   183
       Distracted        |       |       |     1 |     3 |    11 |     5 ||    20
       Confused          |       |       |       |     1 |       |       ||     1
Armor: Animal skin       |     1 |     9 |    21 |       |       |       ||    31
       Robe              |       |       |    39 |    45 |    11 |       ||    95
       Ice dragon scales |       |       |       |       |    61 |       ||    61
       Scale mail        |       |       |       |       |    44 |   107 ||   151
Dodge: Dodged            |    46 |    77 |   312 |   299 |   406 |   311 ||  1451
Block: Buckler           |       |       |       |       |   203 |   172 ||   375
       Rpst.: Double sword |       |       |       |     2 |       |       ||     2

Table legend: (Time is in decaauts)
 A = Elapsed time spent in this place.
 B = Non-inter-level travel time spent in this place.
 C = Inter-level travel time spent in this place.
 D = Time resting spent in this place.
 E = Time spent auto-exploring this place.
 F = Levels seen in this place.
 G = Mean time per level.
                   A        B        C        D        E       F      G
               +--------+--------+--------+--------+--------+-----+--------+
         Total |  26858 |  25011 |   1847 |   3494 |  15312 |  27 |  994.7 |
       Dungeon |  17156 |  15810 |   1346 |   2494 |   9766 |  15 | 1143.7 |
        Temple |    248 |    210 |     38 |      0 |    210 |   1 |  248.0 |
          Lair |   5587 |   5189 |    398 |    287 |   3853 |   6 |  931.2 |
     Snake Pit |     48 |     44 |      4 |      0 |     10 |   1 |   48.0 |
  Orcish Mines |   2178 |   2118 |     60 |    116 |   1209 |   2 | 1089.0 |
        Depths |    941 |    941 |      0 |    248 |    227 |   1 |  941.0 |
      Ice Cave |    698 |    698 |      0 |    347 |     36 |   1 |  698.0 |
               +--------+--------+--------+--------+--------+-----+--------+

Top non-repeatable levels by time:
   Orc:2: 1671 daAuts
    D:10: 1642 daAuts
     D:8: 1442 daAuts
     D:9: 1419 daAuts
    D:13: 1408 daAuts
     D:5: 1376 daAuts
    D:12: 1299 daAuts
  Lair:6: 1153 daAuts
     D:4: 1135 daAuts
     D:2: 1132 daAuts
     D:1: 1062 daAuts
  Lair:2: 1044 daAuts
  Lair:3: 1040 daAuts
    D:15: 1017 daAuts
     D:3: 994 daAuts
